 Dungeon Crawl Stone Soup version 0.24-a0-513-g284f782df5 (webtiles) character file.

Game seed: 5933094367637701683

224 Azzok the Magician (level 5, -1/29 HPs)
             Began as a Deep Elf Fire Elementalist on July 20, 2019.
             Slain by a gnoll
             ... wielding a +2 flail of draining
              (6 damage)
             ... on level 3 of the Dungeon.
             The game lasted 00:04:36 (2885 turns).

Azzok the Magician (Deep Elf Fire Elementalist)     Turns: 2885, Time: 00:04:37

Health: -1/29      AC:  4    Str:  5    XL:     5   Next: 67%
Magic:  13/13      EV: 13    Int: 21    God:
Gold:   176        SH:  0    Dex: 15    Spells: 5/13 levels left

rFire    . . .     SeeInvis .   m - +2 dagger (venom)
rCold    . . .     Gourm    .   (no shield)
rNeg     . . .     Faith    .   a - +0 robe
rPois    .         Spirit   .   f - +0 helmet
rElec    .         Reflect  .   d - +0 cloak
rCorr    .         Harm     .   (no gloves)
MR       .....                  (no boots)
Stlth    ++........             (no amulet)
HPRegen  0.09/turn              (no ring)
MPRegen  0.13/turn              (no ring)

@: drained
A: no striking features
a: no special abilities


You were on level 3 of the Dungeon.
You were not hungry.

You visited 1 branch of the dungeon, and saw 3 of its levels.

You collected 176 gold pieces.

Inventory:

Hand Weapons
 m - a +2 dagger of venom (weapon)
Armour
 a - a +0 robe (worn)
 d - a +0 cloak (worn)
 f - a +0 helmet (worn)
Scrolls
 b - 2 scrolls of identify {unknown}
 e - 3 scrolls of remove curse {unknown}
 g - a scroll of immolation {unknown}
 h - a scroll of magic mapping {unknown}
 k - 2 scrolls of enchant weapon {unknown}
 o - a scroll of enchant armour {unknown}
 q - a scroll of teleportation {unknown}
Potions
 i - a potion of lignification {unknown}
 j - a potion of magic {unknown}
 l - a potion of flight {unknown}
 p - 2 potions of haste {unknown}
Comestibles
 c - 4 rations
 n - a chunk of flesh


   Skills:
 + Level 1.3(0.3) Fighting
 + Level 3.5(2.4) Dodging
 - Level 2.4(1.3) Stealth
 * Level 4.6(3.5) Spellcasting
 * Level 3.1(2.0) Conjurations
 * Level 4.6(3.5) Fire Magic


You had 5 spell levels left.
You knew the following spells:

 Your Spells              Type           Power        Failure   Level  Hunger
a - Flame Tongue          Conj/Fire      ###..        4%          1    None
b - Conjure Flame         Conj/Fire      ###.....     12%         3    ###....
c - Sticky Flame          Conj/Fire      ###.....     38%         4    ####...

Your spell library contained the following spells:

 Spells                   Type           Power        Failure   Level  Hunger
 Throw Flame              Conj/Fire      ###...       6%          2    ##.....
 Inner Flame              Hex/Fire       ##......     19%         3    ###....
 Fireball                 Conj/Fire      ###.......   75%         5    ######.


Dungeon Overview and Level Annotations

Branches:
Dungeon (3/15)

Altars:

Annotations:
D:3 Sigmund


Message History

There is a stone staircase leading up here.
You hit the rat.
You kill the rat!
Sigmund gestures at you while chanting.
You are confused.
Sigmund gestures at you while chanting. The magic dart hits you.
The gnoll hits you.
There is a stone staircase leading up here.
The gnoll hits you. The gnoll hits you with a +0 spear.
* * * LOW HITPOINT WARNING * * *
In your confused state, you trip and fall back down the stairs.
* * * LOW HITPOINT WARNING * * *
The gnoll closely misses you. x2; The gnoll hits you with a +0 spear.
* * * LOW HITPOINT WARNING * * *
Unknown command.
You're too confused to move!
You feel less confused.
The gnoll hits you with a +2 flail of draining.
You die...

···················▒
▒▒▒··▒▒·▒▒·÷··▒▒▒··▒▒▒▒▒▒▒▒▒
▒··▒▒·▒▒··▒·▒ ▒··▒·······▒
▒·@·······▒·▒▒▒^·▒·······▒
▒·▒▒▒·▒▒···(···········†·▒
·g···········(·▒▒··▒·······▒
··r··▒▒·g····@·····▒·······▒
▒····▒▒▒▒▒··▒··gg··▒·······▒
╬····· ········g@··>·······▒
▒$···▒▒▒▒▒··▒▒··▒··········▒
▒▒▒▒▒▒ ▒··▒▒▒·▒···▒·▒▒▒▒▒▒
····▒·········▒
▒▒▒▒·▒·········▒
▒···········▒ ▒▒▒·········▒
▒···▒·▒···▒ ▒···▒·▒···▒


You could see Sigmund and 3 gnolls.

Vanquished Creatures
  A crimson imp (D:3)
  A hound (D:2)
  An orc priest (D:3)
  A worker ant (D:3)
  Robin (D:2)
  3 adders
  An adder zombie (D:2)
  2 worms (D:2)
  A dart slug (D:2)
  A leopard gecko (D:1)
  4 orcs
  A ball python (D:1)
  5 bats
  11 goblins
  5 hobgoblins
  4 jackals (D:3)
  2 quokkas
  6 frilled lizards
  A jackal zombie (D:2)
  3 kobolds
  8 rats
63 creatures vanquished.

Vanquished Creatures (others)
  5 toadstools (D:1)
5 creatures vanquished.

Grand Total: 68 creatures vanquished

Notes
Turn   | Place    | Note
-------+----------+-------------------------------------------
     0 | D:1      | Azzok the Deep Elf Fire Elementalist began the quest for
                  | the Orb.
     0 | D:1      | Reached XP level 1. HP: 10/10 MP: 6/6
   451 | D:1      | Reached XP level 2. HP: 16/16 MP: 5/8
   898 | D:2      | Reached XP level 3. HP: 20/20 MP: 4/9
   977 | D:2      | Learned a level 3 spell: Conjure Flame
  1353 | D:2      | Reached XP level 4. HP: 24/24 MP: 8/11
  1469 | D:3      | Reached skill level 1 in Fighting
  1657 | D:2      | Learned a level 4 spell: Sticky Flame
  1692 | D:3      | Noticed Robin
  1838 | D:2      | Killed Robin
  1838 | D:2      | Reached XP level 5. HP: 17/29 MP: 13/13
  2865 | D:3      | Noticed Sigmund
  2885 | D:3      | Slain by a gnoll

Levels and vault maps discovered:
D:1:      ldierk_walled_garden, layout_basic
D:2:      layout_rooms, serial_undead, serial_undead_a, serial_undead_b,
          serial_undead_d, serial_undead_b
D:3:      layout_basic, portal_sewer_entry_a, uniq_sigmund, uniq_jessica,
          uniq_robin

Skill      XL: |  1  2  3  4  5 |
---------------+----------------+-----
Conjurations   | 2 3 |  3.1
Dodging        | 3 |  3.5
Fire Magic     | 4 |  4.6
Fighting       | 1 |  1.3
Spellcasting   | 4 |  4.6
Stealth        | |  2.4

Action                   |  1- 3 |  4- 6 || total
-------------------------+-------+-------++-------
Melee: Dagger            |       |   108 ||   108
 Cast: Flame Tongue      |    49 |    16 ||    65
  Eat: Chunk             |     1 |     5 ||     6
Armor: Robe              |     1 |    31 ||    32
Dodge: Dodged            |    16 |    66 ||    82

Table legend:
 A = Non-vault XP
 B = Vault XP
 C = Vault XP percentage of total XP
 D = Non-vault monster count
 E = Vault monster count
 F = Vault count percentage of total count
                 A         B        C        D         E       F
            +---------+---------+-------+---------+---------+-------
      Total |     278 |      43 |  13.4 |      50 |      13 |  20.6
            +---------+---------+-------+---------+---------+-------
        D:1 |      17 |       0 |   0.0 |      10 |       0 |   0.0
        D:2 |     102 |      23 |  18.4 |      19 |       3 |  13.6
        D:3 |     159 |      20 |  11.2 |      21 |      10 |  32.3
            +---------+---------+-------+---------+---------+-------
